 Dungeon Crawl Stone Soup version 0.24.0-28-g17ded55e90 (webtiles) character file.

Game seed: 18181030692940544719, levelgen mode: deterministic

7515 night the Severer (level 11, -4/92 HPs)
             Began as a Hill Orc Gladiator on Nov 11, 2019.
             Was an Elder of Okawaru.
             Slain by a tentacled starspawn (12 damage)
             ... on level 2 of the Abyss.
             The game lasted 00:26:27 (9794 turns).

night the Severer (Hill Orc Gladiator)              Turns: 9794, Time: 00:26:30

Health: -4/92      AC: 17    Str: 18 (20) XL:     11   Next: 16%
Magic:  0/16       EV: 11    Int: 13 (14) God:    Okawaru [****..]
Gold:   611        SH:  0    Dex: 10 (12) Spells: 10/10 levels left

rFire    . . .     SeeInvis .   a - +0 broad axe
rCold    . . .     Gourm    .   (no shield)
rNeg     . . .     Faith    +   n - +0 chain mail
rPois    .         Spirit   +   (no helmet)
rElec    .         Reflect  .   B - scarf {Spirit}
rCorr    .         Harm     .   h - +2 pair of gloves
MR       .....                  J - +1 pair of boots
Stlth    +.........             t - amulet of faith
HPRegen  0.25/turn              D - ring of stealth
MPRegen  0.15/turn              (no ring)

@: brilliant, heroism
A: no striking features
a: Heroism, Renounce Religion


You were on level 2 of the Abyss.
You worshipped Okawaru.
Okawaru was greatly pleased with you.
You were not hungry.

You visited 2 branches of the dungeon, and saw 10 of its levels.
You visited the Abyss 1 time.
You also visited: Ossuary.

You collected 611 gold pieces.

Inventory:

Hand Weapons
 a - a +0 broad axe (weapon)
 b - a +0 hand crossbow
Missiles
 d - 2 throwing nets (quivered)
 o - 43 bolts
 y - 12 boomerangs
Armour
 c - a +0 helmet
 h - a +2 pair of gloves (worn)
 i - a +1 hat
 n - a +0 chain mail (worn)
 B - a scarf of spirit shield (worn)
 J - a +1 pair of boots (worn)
Jewellery
 t - an amulet of faith (around neck)
 D - a ring of stealth (left hand)
Wands
 l - a wand of disintegration (1)
 w - a wand of enslavement (3)
 F - a wand of polymorph (11)
Scrolls
 e - 4 scrolls of fog
 m - 3 scrolls of remove curse
 p - 4 scrolls of identify
 s - 2 scrolls of enchant weapon
 u - a scroll of amnesia
 C - 3 scrolls of teleportation
 G - 2 scrolls of enchant armour
Potions
 g - 6 potions of curing
 j - 2 potions of mutation
 k - a potion of agility
 q - 2 potions of might
 r - 3 potions of brilliance
 v - 4 potions of lignification
 x - 2 potions of flight {unknown}
 z - 2 potions of haste {unknown}
 A - a potion of experience {unknown}
 E - a potion of degeneration
 I - a potion of heal wounds {unknown}
Comestibles
 f - 20 rations
 H - a chunk of flesh


   Skills:
 + Level 7.4(12.4) Fighting
 - Level 16.2(21.2) Axes
 + Level 3.5(8.5) Crossbows
 - Level 1.8(6.8) Throwing
 - Level 4.2(9.2) Armour
 - Level 4.2(9.2) Dodging
 - Level 7.0 Invocations


You had 10 spell levels left.
You didn't know any spells.
Your spell library was empty.

Dungeon Overview and Level Annotations

Branches:
Dungeon (9/15)             Temple (1/1) D:6         Ossuary (visited)
   Lair: D:8-11         Orc: D:9-12

Altars:
Ashenzari
Cheibriados
Dithmenos
Elyvilon
Fedhas
Gozag
Hepliaklqana
Kikubaaqudgha
Makhleb
Nemelex Xobeh
Okawaru
Qazlal
Ru
Sif Muna
Trog
Uskayaw
Vehumet
Wu Jian
Xom
Yredelemnul
Zin
The Shining One

Annotations:
D:9 Erolcha


Message History

The tentacled starspawn bites you!!
* * * LOW HITPOINT WARNING * * *
The tentacled starspawn closely misses you.
You hit the tentacled starspawn.
The tentacled starspawn is moderately damaged.
You feel better.
Tentacles burst from the starspawn's body! 2 starspawn tentacles come into view.
It was a potion of brilliance.
You feel clever all of a sudden.
The tentacled starspawn bites you but does no damage.
The tentacled starspawn barely misses you.
The starspawn tentacle barely misses you.
It was a potion of degeneration.
There was something very wrong with that liquid.
You feel weakened.
You feel dopey.
You feel clumsy. The tentacled starspawn bites you!!
* * * LOW HITPOINT WARNING * * *
The tentacled starspawn engulfs you!
You die...

. .#.
..... .
.... .
#...## .
.Z##.####
#..#..
#.##
...... ##
# # . # .
...
#.##### #
..# .# .
#.@X# .#
. .##.
###ww.# #
. .. .
.#.#.#
.##...# #
.# .....
....#..#
# ##...#
...###
.### # #
# . # .


You could see a tentacled starspawn and 2 starspawn tentacles.

Vanquished Creatures
  A two-headed ogre (D:8)
  A worldbinder (Abyss:2)
  A smoke demon (Abyss:2)
  A kobold demonologist (D:8)
  A troll (D:9)
  A hornet (D:8)
  Sigmund (D:5)
  2 hungry ghosts
  2 large abominations (Abyss:2)
  2 orc warriors (D:6)
  2 ice beasts (D:5)
  2 sky beasts
  A hornet zombie (D:5)
  3 phantoms
  A necrophage (D:6)
  An ogre (D:6)
  7 centaurs
  4 elf zombies (Ossuary)
  6 bullfrogs
  2 gnoll sergeants
  A water moccasin zombie (D:9)
  2 scorpions
  A howler monkey (D:9)
  A crimson imp (D:9)
  A quasit (D:8)
  2 bullfrog zombies (D:5)
  6 centaur zombies
  4 human zombies (Ossuary)
  A hound (D:7)
  2 bullfrog skeletons
  4 orc priests
  5 orc wizards
  2 iguanas
  10 worker ants
  A hound skeleton (D:5)
  3 mummies (Ossuary)
  A worker ant zombie (D:5)
  34 gnolls
  13 adders
  3 shadow imps
  A white imp (Abyss:2)
  An ooze (D:1)
  An adder skeleton (D:5)
  An adder zombie (D:8)
  A worm (D:3)
  5 dart slugs
  5 leopard geckos
  25 orcs
  5 bats
  6 giant cockroaches
  4 goblins
  8 hobgoblins
  8 jackals
  6 kobolds
  2 quokkas (D:9)
  A ball python (D:2)
  3 frilled lizards
  2 quokka skeletons
  3 rats
  A plant (D:1)
228 creatures vanquished.

Vanquished Creatures (collateral kills)
  A gnoll (D:6)
1 creature vanquished.

Vanquished Creatures (others)
  A plant (D:1)
1 creature vanquished.

Grand Total: 230 creatures vanquished

Notes
Turn   | Place    | Note
-------+----------+-------------------------------------------
     0 | D:1      | night the Hill Orc Gladiator began the quest for the Orb.
     0 | D:1      | Reached XP level 1. HP: 18/18 MP: 1/1
   102 | D:1      | Reached XP level 2. HP: 9/25 MP: 2/2
   491 | D:1      | Reached skill level 5 in Axes
   557 | D:1      | Reached XP level 3. HP: 28/30 MP: 3/3
  1130 | D:3      | Reached skill level 6 in Axes
  1130 | D:3      | Reached XP level 4. HP: 25/37 MP: 4/4
  1847 | D:2      | Reached skill level 7 in Axes
  1847 | D:2      | Reached XP level 5. HP: 22/42 MP: 5/5
  2880 | D:3      | Noticed a phantom
  2895 | D:3      | Reached skill level 8 in Axes
  2933 | D:3      | Killed a phantom
  2933 | D:3      | Reached XP level 6. HP: 25/50 MP: 6/6
  3199 | D:4      | Reached skill level 9 in Axes
  3360 | D:4      | Found a sand-covered staircase.
  3366 | Ossuary  | Entered an ossuary
  3402 | Ossuary  | Reached XP level 7. HP: 46/56 MP: 7/7
  3421 | Ossuary  | Reached skill level 10 in Axes
  3681 | Ossuary  | Reached skill level 11 in Axes
  3735 | Ossuary  | Reached XP level 8. HP: 39/62 MP: 8/8
  4017 | D:4      | You fall into a shaft and drop 3 floors!
  4068 | D:5      | Entered Level 5 of the Dungeon
  4085 | D:5      | Reached skill level 12 in Axes
  4445 | D:5      | Reached skill level 13 in Axes
  5158 | D:5      | Noticed Sigmund
  5174 | D:5      | Killed Sigmund
  5324 | D:5      | Reached skill level 14 in Axes
  5388 | D:5      | Reached XP level 9. HP: 53/68 MP: 9/9
  5721 | D:6      | Got a blackened ring mail
  5732 | D:6      | Identified the +0 ring mail "Moos Mopos" {+Inv rPois rF-
                  | Stlth+} (You found it on level 6 of the Dungeon)
  6174 | D:6      | Reached skill level 15 in Axes
  6575 | D:6      | Found a staircase to the Ecumenical Temple.
  6582 | Temple   | Entered the Ecumenical Temple
  6768 | Temple   | Became a worshipper of Warmaster Okawaru
  6888 | D:6      | Reached skill level 1 in Armour
  7061 | D:7      | Reached skill level 1 in Invocations
  7293 | D:7      | Reached * piety under Okawaru
  7420 | D:7      | Found a glowing golden altar of the Shining One.
  7435 | D:7      | Reached XP level 10. HP: 72/78 MP: 10/12
  7727 | D:7      | Reached ** piety under Okawaru
  8029 | D:8      | Reached skill level 16 in Axes
  8656 | D:8      | Noticed a kobold demonologist
  8664 | D:8      | Killed a kobold demonologist
  8664 | D:8      | Reached skill level 5 in Fighting
  8770 | D:8      | Noticed a two-headed ogre
  8779 | D:8      | Killed a two-headed ogre
  8860 | D:8      | Reached skill level 5 in Invocations
  8871 | D:8      | Reached *** piety under Okawaru
  8911 | D:8      | Paralysed by a hornet for 1 turns
  8915 | D:8      | Reached skill level 1 in Crossbows
  9633 | D:9      | Noticed Erolcha
  9645 | D:9      | Reached **** piety under Okawaru
  9645 | D:9      | Cast into level 2 of the Abyss (Erolcha)
  9653 | Abyss:2  | Noticed a worldbinder
  9667 | Abyss:2  | Noticed a spiny frog
  9669 | Abyss:2  | Killed a worldbinder
  9669 | Abyss:2  | Reached XP level 11. HP: 68/91 MP: 10/16
  9778 | Abyss:2  | Noticed a large abomination
  9779 | Abyss:2  | Noticed a tentacled starspawn
  9789 | Abyss:2  | Killed a large abomination
  9794 | Abyss:2  | Slain by a tentacled starspawn

Levels and vault maps discovered:
D:1:      roderic_crop_circles_arrival_small, layout_loops_ring
D:2:      layout_loops_corners, first_ration, chequers_serial_rivers_micro_a
D:3:      layout_basic, amethyst_killhole
D:4:      layout_loops_cross, nicolae_ossuary_entry_ruins, kennysheep_doodads
D:5:      layout_basic, uniq_sigmund
D:6:      layout_rooms, minmay_temple_entry_gardened_gates
D:7:      minmay_razor_zed, layout_basic, lemuel_doored_altar,
          serial_bayou_pond_a
D:8:      layout_rooms, minmay_between
D:9:      layout_cave_pools, serial_column_ruins, column_ruins_columns_dead_end,
          column_ruins_columns_water, column_ruins_grid_3, uniq_erolcha
Temple:   minmay_crystal_snake_temple
Abyss:2:  base:
D:6

Skill      XL: |  1  2  3  4  5  6  7  8  9 10 11 |
---------------+----------------------------------+-----
Axes           | 5 6 7 8 9 11 14 15 16 | 16.2
Armour         | 2 4 |  4.2
Fighting       | 3 6 7 |  7.4
Invocations    | 2 6 7 |  7.0
Dodging        | 3 4 |  4.2
Crossbows      | 2 3 |  3.5
Throwing       | |  1.8

Action                   |  1- 3 |  4- 6 |  7- 9 | 10-12 || total
-------------------------+-------+-------+-------+-------++-------
Melee: War axe           |   122 |   209 |   347 |       ||   678
       Broad axe         |       |       |   141 |   311 ||   452
       Punch             |       |       |       |     1 ||     1
 Fire: Hand crossbow     |       |       |       |     2 ||     2
Throw: Throwing net      |       |       |     2 |     1 ||     3
       Boomerang         |       |       |    13 |     2 ||    15
Invok: Heroism           |       |       |       |     2 ||     2
Evoke: Wand              |       |       |     4 |       ||     4
  Use: Scroll            |       |     4 |     8 |     2 ||    14
       Potion            |       |       |     3 |     3 ||     6
 Stab: Held in net/web   |       |       |     3 |     1 ||     4
  Eat: Chunk             |     1 |     7 |    15 |    11 ||    34
       Ration            |       |       |     2 |     1 ||     3
Armor: Leather armour    |    44 |       |       |       ||    44
       Chain mail        |     4 |   116 |   209 |   192 ||   521
Dodge: Dodged            |    85 |    72 |   143 |   149 ||   449
